 Dungeon Crawl Stone Soup version 0.17.0-9-g801d43b (webtiles) character file.

102907 xeno23 the Stormcaller (level 16, -2/103 HPs)
             Began as a Tengu Air Elementalist on Nov 8, 2015.
             Was the Champion of Vehumet.
             Slain by an orc knight
             ... wielding a +0 war axe
              (21 damage)
             ... on level 4 of the Orcish Mines on Nov 9, 2015.
             The game lasted 04:16:21 (31809 turns).

xeno23 the Stormcaller (Tengu Air Elementalist)    Turns: 31809, Time: 04:16:51

Health: -2/103     AC:  9    Str:  8    XL:     16   Next: 34%
Magic:  2/33       EV: 29    Int: 20    God:    Vehumet [******]
Gold:   1967       SH:  6    Dex: 20    Spells: 9 memorised, 5 levels left

rFire  + . .     SeeInvis .     b - +4 scimitar (flame)
rCold  + . .     Clarity  .     (no armour)
rNeg   . . .     SustAt   .     i - +0 buckler
rPois  .         Gourm    +     w - +0 hat
rElec  +         Spirit   .     K - +1 cloak
rCorr  .         Warding  .     g - +1 pair of gloves
rMut   .         Stasis   .     (boots unavailable)
MR     +....                    E - amulet of the gourmand
Stlth  ++........               e - ring of protection from cold
                                d - ring "Acsusch" {rElec rF+ AC+5 Dex+2}

@: flying quickly and evasively, repel missiles, quick, somewhat resistant to
hostile enchantments, unstealthy
A: beak, talons 3, able to fly 2
a: Stop Flying, Renounce Religion


You were on level 4 of the Orcish Mines.
You worshipped Vehumet.
Vehumet was exalted by your worship.
You were very full.

You visited 4 branches of the dungeon, and saw 25 of its levels.
You also visited: Sewer and Ice Cave.

You collected 2842 gold pieces.
You spent 875 gold pieces at shops.

Inventory:

Hand Weapons
 a - a +3 blowgun
 b - a +4 scimitar of flaming (weapon)
 N - the +8 quarterstaff of Desperation {drain, rElec Str+5 Int+3, unknown}
   (You found it in an ice cave)

   A truly terrible weapon, it drains the life of those it strikes.
   It affects your strength (+5).
   It affects your intelligence (+3).
   It insulates you from electricity.
 T - a +0 demon trident
Missiles
 s - 2 javelins (quivered)
 y - 7 poisoned needles
 V - 2 needles of confusion
Armour
 g - a +1 pair of gloves (worn)
 i - a +0 buckler (worn)
 w - a +0 hat (worn)
 x - the +2 robe "Cushrir" {MR+}
   (You found it on level 11 of the Dungeon)

   It affects your resistance to hostile enchantments.
 A - the +1 chain mail of the Mantidfly {Dex+4 Slay+3}
   (You found it on level 12 of the Dungeon)

   It affects your dexterity (+4).
   It affects your accuracy and damage with ranged weapons and melee attacks
   (+3).
 H - a +3 leather armour of poison resistance
 K - a +1 cloak (worn)
 S - a +2 robe of magic resistance
Jewellery
 d - the ring "Acsusch" (left hand) {rElec rF+ AC+5 Dex+2}
   (You found it on level 8 of the Lair of Beasts)

   [ring of protection]

   It affects your AC (+5).
   It affects your dexterity (+2).
   It protects you from fire.
   It insulates you from electricity.
 e - a ring of protection from cold (right hand)
 f - the amulet "Sest" {Stasis rElec rF+ Dex-3 SInv}
   (You found it on level 2 of the Lair of Beasts)

   [amulet of stasis]

   It prevents you from being teleported, slowed, hasted or paralysed.
   It affects your dexterity (-3).
   It protects you from fire.
   It insulates you from electricity.
   It lets you see invisible.
 l - an uncursed ring of protection from magic
 E - an amulet of the gourmand (around neck)
 O - an uncursed ring of ice {unknown}
 W - an uncursed ring of magical power
Wands
 p - a wand of disintegration (9)
 q - a wand of digging (12)
 I - a wand of draining (4)
 P - a wand of hasting (4)
 R - a wand of cold (5)
Scrolls
 o - 11 scrolls of teleportation
 r - 3 scrolls of magic mapping
 t - 5 scrolls of remove curse
 B - 2 scrolls of recharging
 C - 3 scrolls of fog
 L - a scroll of identify
 X - 2 scrolls of fear
Potions
 k - 8 potions of agility
 m - 2 potions of haste
 n - a potion of might
 D - a potion of cancellation
 G - a potion of resistance
 Q - 4 potions of heal wounds
 U - a potion of brilliance
 Y - 6 potions of curing
 Z - a potion of invisibility
Books
 h - a book of Flames

   Spells                             Type                      Level
   a - Flame Tongue                   Conjuration/Fire             1
   b - Throw Flame                    Conjuration/Fire             2
   c - Conjure Flame                  Conjuration/Fire             3
   d - Inner Flame                    Hexes/Fire                   3
   e - Sticky Flame                   Conjuration/Fire             4
   f - Fireball                       Conjuration/Fire             5
 j - a book of Summonings

   Spells                             Type                      Level
   a - Recall                         Summoning/Translocation      3
   b - Aura of Abjuration             Summoning                    5
   c - Shadow Creatures               Summoning                    5
   d - Summon Demon                   Summoning                    5
   e - Summon Forest                  Summoning/Translocation      5
   f - Summon Mana Viper              Hexes/Summoning              5
Miscellaneous
 F - a phial of floods
Comestibles
 c - 10 bread rations
 u - 2 royal jellies
 v - 3 chunks of flesh
 z - 2 meat rations
 J - a slice of pizza
 M - 6 fruits


   Skills:
 + Level 12.6 Fighting
 + Level 13.1 Dodging
 - Level 2.0 Stealth
 - Level 5.3 Shields
 * Level 12.7 Spellcasting
 * Level 14.0 Conjurations
 * Level 17.5 Air Magic


You had 5 spell levels left.
You knew the following spells:

 Your Spells              Type           Power        Failure   Level  Hunger
a - Shock                 Conj/Air       ####         0%          1    None
b - Swiftness             Chrm/Air       #####...     1%          2    None
c - Freezing Cloud        Conj/Ice/Air   ######....   3%          6    #####..
d - Conjure Ball Lightni  Conj/Air       ######....   1%          6    #####..
q - Static Discharge      Conj/Air       ######..     1%          3    None
r - Repel Missiles        Chrm/Air       #####.       1%          2    None
s - Mephitic Cloud        Conj/Pois/Air  ######..     1%          3    None
w - Lightning Bolt        Conj/Air       ######....   1%          5    ####...
x - Orb of Destruction    Conj           ######....   4%          7    #######


Dungeon Overview and Level Annotations

Branches:
Dungeon (12/15)            Temple (1/1) D:7            Lair (8/8) D:9
  Swamp (0/4) Lair:4       Spider (0/4) Lair:4        Slime (0/6) Lair:7
    Orc (4/4) D:12            Elf (0/3) Orc:3

Altars:
Ashenzari
Cheibriados
Dithmenos
Elyvilon
Fedhas
Gozag
Kikubaaqudgha
Makhleb
Nemelex Xobeh
Okawaru
Qazlal
Ru
Sif Muna
Trog
Vehumet
Xom
Yredelemnul
Zin
The Shining One
Jiyva

Shops:
D:12 *   Orc:2 [   Orc:4 !%

Annotations:
Lair:3 Rupert


Innate Abilities, Weirdness & Mutations

You have a beak for a mouth.
You have claws for feet.
You can fly continuously.


Message History

The blast of lightning engulfs you! You resist.
The blast of lightning engulfs the orc knight.
The orc knight is moderately wounded.
You take 4 damage.
Unknown command.
You hit the orc knight. You burn the orc knight.
You claw the orc knight, but do no damage.
The orc knight is moderately wounded.
The orc knight completely misses you.
You slash the orc knight! You burn the orc knight. You peck the orc knight.
The orc knight is heavily wounded.
The orc knight hits you with a war axe!!
You take 19 damage.
You barely miss the orc knight. Your kick misses the orc knight.
Your peck misses the orc knight.
The orc knight is heavily wounded.
The orc knight hits you with a war axe!!
* * * LOW HITPOINT WARNING * * *
The orc knight hits you with a war axe!!
You die...

..###.#)#.###..................).
.###...#)..###...................
###...###...###..................
##...##.##...###..........#....##
))..##...##)..###...............#
...##,,#..##)..###.............##
..##,,**#..##)#.###.........#....
.##,,*∩,*#).)[)..###.....#..#....
##,,,,,,∩##*#).o@.###...........#
.##,,*∩,*#).)....## #.......#....
..##,,**#..##.#.## ###...####...
...##,,#..##...## #.....# ###.
.)..#*...##...## ##....## ##
##...##.##...## #......# ##.
###...###...#* #...#.####..
.###...#...#* ##.######...
..###.#.#.#* ### ##....


You could see an orc knight.

Vanquished Creatures
  A frost giant (IceCv)
  The ghost of Uberwunderbarhen the Nimble, a journeyman OpFi of Makhleb (Lair:8)
  A dire elephant (Lair:4)
  The ghost of WhatIsLove the Blocker, a journeyman DsFi of Makhleb (Lair:4)
  An ettin (Orc:4)
  Erolcha (D:12)
  6 hydras
  Erica (D:8)
  5 catoblepae
  24 death yaks
  3 orc high priests (Orc:4)
  The ghost of Uberwunderbarhen the Nimble, a novice OpFi of Makhleb (D:9)
  Nergalle (Orc:1)
  The ghost of oplop the Covert, a novice VSAs of Ru (D:11)
  An unseen horror (D:11)
  3 orc knights (Orc:4)
  2 hill giants (D:10)
  An infernal demonspawn (Orc:4)
  5 cyclopes
  7 orc sorcerers (Orc:4)
  9 black mambas
  A centaur zombie (D:10)
  Maurice (Orc:1)
  6 elephants (Lair:4)
  An ice statue (IceCv)
  A rust devil (Orc:4)
  10 spiny frogs
  A hellwing (Lair:8)
  3 fire drakes
  10 komodo dragons
  A red devil (Orc:4)
  2 blue devils (Orc:4)
  14 polar bears
  3 trolls
  Grinder (D:4)
  24 blink frogs
  2 two-headed ogres
  Sigmund (D:6)
  3 wraiths
  107 yaks
  3 basilisks
  A deep elf mage (D:9)
  2 hungry ghosts
  3 shadows (D:12)
  A spriggan (D:7)
  2 wyverns
  6 swamp worms (Lair:4)
  30 wolves
  Menkaure (D:7)
  13 hippogriffs
  3 wargs (D:12)
  18 porcupines
  Duvessa (D:4)
  15 water moccasins
  A necrophage (D:12)
  An eye of draining (D:11)
  A phantom (D:8)
  30 orc warriors
  3 sky beasts
  2 black bears
  11 ice beasts
  10 centaurs
  9 ogres
  25 crocodiles
  16 giant frogs
  Dowan (D:4)
  2 wyvern skeletons
  3 scorpions
  7 wights
  10 killer bees
  3 electric eels (Lair:4)
  6 crimson imps
  A giant frog zombie (D:8)
  7 hounds
  A quasit (D:12)
  39 orc priests
  5 jellies
  2 centaur skeletons (D:8)
  13 iguanas
  3 giant frog skeletons
  11 worker ants
  A killer bee zombie (D:11)
  18 sheep
  34 orc wizards
  Robin (D:3)
  3 gnolls (D:3)
  75 river rats
  5 adders
  2 shadow imps
  8 oozes
  2 adder skeletons
  4 worms (Sewer)
  11 giant geckos
  182 orcs
  6 ball pythons
  15 bats
  7 giant cockroaches
  11 goblins
  8 hobgoblins
  29 jackals
  A quokka (D:2)
  A giant gecko skeleton (D:7)
  7 giant newts
  7 kobolds
  A quokka skeleton (D:7)
  10 rats
  A bush (Lair:8)
  A butterfly (D:7)
  10 fungi
  22 plants
1073 creatures vanquished.

Vanquished Creatures (others)
  278 ball lightnings
  2 wolves (IceCv)
  An orc wizard (Orc:1)
  31 fungi
  27 plants
  9 toadstools (Lair:4)
348 creatures vanquished.

Grand Total: 1421 creatures vanquished

Notes
Turn   | Place    | Note
--------------------------------------------------------------
     0 | D:1      | xeno23 the Tengu Air Elementalist began the quest for the Orb.
     0 | D:1      | Reached XP level 1. HP: 10/10 MP: 4/4
   466 | D:1      | Reached XP level 2. HP: 15/15 MP: 6/6
   470 | D:1      | Learned a level 2 spell: Swiftness
   878 | D:2      | Reached XP level 3. HP: 16/19 MP: 3/7
   945 | D:2      | Learned a level 3 spell: Static Discharge
  1479 | D:1      | Reached XP level 4. HP: 6/24 MP: 7/9
  1941 | D:3      | Reached skill level 5 in Air Magic
  1969 | D:3      | Found an opulent altar of Gozag.
  2223 | D:3      | Found a burning altar of Makhleb.
  2235 | D:3      | Found a shimmering altar of Xom.
  2242 | D:3      | Found a radiant altar of Vehumet.
  2303 | D:3      | Became a worshipper of Vehumet
  2357 | D:3      | Gained mutation: You can fly. [Tengu growth]
  2357 | D:3      | Reached XP level 5. HP: 28/28 MP: 5/10
  2598 | D:3      | Noticed Robin
  2601 | D:3      | Reached * piety under Vehumet
  2601 | D:3      | Offered knowledge of Freeze by Vehumet.
  2711 | D:3      | Reached skill level 6 in Air Magic
  2711 | D:3      | Reached XP level 6. HP: 13/32 MP: 2/12
  2792 | D:3      | Killed Robin
  2975 | D:4      | Found a glowing golden altar of the Shining One.
  2977 | D:4      | Noticed an angel
  2991 | D:4      | Found a basalt altar of Yredelemnul.
  3005 | D:4      | Noticed a profane servitor
  3050 | D:4      | Noticed Duvessa
  3050 | D:4      | Noticed Dowan
  3111 | D:4      | Found a bloodstained altar of Trog.
  3310 | D:4      | Found a glowing drain.
  3314 | Sewer    | Entered a sewer
  3320 | Sewer    | Reached skill level 5 in Conjurations
  3329 | Sewer    | Upgraded the game from 0.17.0-7-gfadd4cc to 0.17.0-9-g801d43b
  3391 | Sewer    | Offered knowledge of Throw Frost by Vehumet.
  3448 | Sewer    | Reached ** piety under Vehumet
  4126 | D:3      | Learned a level 5 spell: Lightning Bolt
  4457 | D:4      | Found a shadowy altar of Dithmenos.
  4460 | D:4      | Reached XP level 7. HP: 19/37 MP: 11/14
  4479 | D:4      | Reached skill level 1 in Fighting
  4782 | D:4      | Killed Duvessa
  5042 | D:4      | Noticed Grinder
  5045 | D:4      | Paralysed by Grinder for 4 turns
  5305 | D:4      | Paralysed by Grinder for 3 turns
  5314 | D:5      | Entered Level 5 of the Dungeon
  5387 | D:5      | Learned a level 2 spell: Repel Missiles
  5424 | D:5      | Reached skill level 7 in Air Magic
  5511 | D:5      | Reached XP level 8. HP: 46/46 MP: 15/15
  5845 | D:5      | Offered knowledge of Mephitic Cloud by Vehumet.
  6089 | D:4      | Found a blossoming altar of Fedhas.
  6153 | D:4      | Paralysed by Grinder for 4 turns
  6159 | D:4      | Killed Grinder
  6159 | D:4      | Reached skill level 5 in Spellcasting
  6161 | D:4      | Killed Dowan
  6258 | D:6      | Reached *** piety under Vehumet
  6258 | D:6      | Reached skill level 5 in Fighting
  6575 | D:6      | Reached skill level 8 in Air Magic
  6953 | D:6      | Learned a level 3 spell: Mephitic Cloud
  7114 | D:6      | Reached XP level 9. HP: 30/54 MP: 0/18
  7376 | D:6      | Noticed Sigmund
  7382 | D:6      | Killed Sigmund
  7382 | D:6      | Reached skill level 1 in Shields
  7674 | D:6      | Found a deep blue altar of Sif Muna.
  7801 | D:7      | Noticed Menkaure
  7804 | D:7      | Killed Menkaure
  7952 | D:7      | Found a stormy altar of Qazlal.
  7956 | D:7      | Offered knowledge of Dazzling Spray by Vehumet.
  8271 | D:8      | Noticed Erica
  8279 | D:8      | Killed Erica
  8279 | D:8      | Reached skill level 5 in Dodging
  8279 | D:8      | Reached skill level 5 in Shields
  8279 | D:8      | Reached XP level 10. HP: 21/63 MP: 4/19
  8818 | D:8      | Found an ancient bone altar of Kikubaaqudgha.
  9360 | D:7      | Reached **** piety under Vehumet
  9390 | D:7      | Offered knowledge of Bolt of Magma by Vehumet.
  9469 | D:7      | Found a staircase to the Ecumenical Temple.
  9476 | Temple   | Entered the Ecumenical Temple
 10203 | D:9      | HP: 1/65 [wyvern (8)]
 10525 | D:9      | Noticed Uberwunderbarhen's ghost (novice OpFi)
 10573 | D:9      | Found a staircase to the Lair.
 10717 | D:8      | Reached skill level 9 in Fighting
 11218 | D:9      | Killed Uberwunderbarhen's ghost
 11218 | D:9      | Reached XP level 11. HP: 35/72 MP: 0/20
 11484 | D:9      | Reached skill level 10 in Fighting
 11988 | Lair:1   | Entered Level 1 of the Lair of Beasts
 12755 | Lair:1   | Reached ***** piety under Vehumet
 12755 | Lair:1   | Offered knowledge of Conjure Ball Lightning by Vehumet.
 12792 | Lair:1   | Reached skill level 10 in Air Magic
 13241 | Lair:1   | Learned a level 6 spell: Conjure Ball Lightning
 13336 | Lair:2   | Got a smoking ruby amulet
 13338 | Lair:2   | Identified the amulet "Sest" {Stasis rElec rF+ Dex-3 SInv} (You found it on level 2 of the Lair of Beasts)
 13404 | Lair:2   | Reached skill level 10 in Dodging
 13406 | Lair:2   | Reached XP level 12. HP: 55/77 MP: 8/23
 14420 | Lair:3   | Noticed Rupert
 14493 | Lair:3   | Noticed a five-headed hydra
 14681 | Lair:3   | Killed a five-headed hydra
 14681 | Lair:3   | Reached skill level 11 in Air Magic
 14863 | Lair:3   | Noticed an eight-headed hydra
 14867 | Lair:3   | Noticed a four-headed hydra
 14879 | Lair:3   | Killed an eight-headed hydra
 14895 | Lair:3   | HP: 2/78 [four-headed hydra (2)]
 14898 | Lair:3   | Killed a four-headed hydra
 15325 | Lair:4   | Noticed WhatIsLove's ghost (journeyman DsFi)
 15731 | Lair:4   | Reached skill level 12 in Air Magic
 15746 | Lair:4   | Found a hole to the Spider Nest.
 16089 | Lair:4   | Found a staircase to the Swamp.
 16288 | Lair:4   | Killed WhatIsLove's ghost
 16288 | Lair:4   | Reached XP level 13. HP: 34/83 MP: 2/26
 16587 | Lair:4   | Noticed a catoblepas
 16587 | Lair:4   | Noticed a dire elephant
 16592 | Lair:4   | Killed a catoblepas
 16592 | Lair:4   | Reached skill level 10 in Conjurations
 16638 | Lair:4   | Killed a dire elephant
 17224 | Lair:5   | Offered knowledge of Bolt of Cold by Vehumet.
 17224 | Lair:5   | Reached skill level 13 in Air Magic
 19263 | Lair:6   | Reached skill level 14 in Air Magic
 19353 | Lair:6   | Reached skill level 10 in Spellcasting
 19469 | Lair:7   | Gained mutation: You can fly continuously. [Tengu growth]
 19469 | Lair:7   | Reached XP level 14. HP: 63/90 MP: 16/29
 19577 | Lair:7   | Offered knowledge of Freezing Cloud by Vehumet.
 19818 | Lair:7   | Found a viscous altar of Jiyva.
 19819 | Lair:7   | Found a staircase to the Slime Pits.
 20400 | Lair:8   | Entered Level 8 of the Lair of Beasts
 21578 | Lair:8   | Got a sparkling lead ring
 21608 | Lair:8   | Noticed Uberwunderbarhen's ghost (journeyman OpFi)
 21734 | Lair:8   | Killed Uberwunderbarhen's ghost
 21908 | Lair:8   | Reached skill level 15 in Air Magic
 23628 | Lair:8   | Reached XP level 15. HP: 65/91 MP: 14/31
 23883 | Lair:8   | Reached ****** piety under Vehumet
 23883 | Lair:8   | Reached skill level 16 in Air Magic
 24696 | Lair:1   | Identified the ring "Acsusch" {rElec rF+ AC+5 Dex+2} (You found it on level 8 of the Lair of Beasts)
 24709 | Lair:1   | Learned a level 6 spell: Freezing Cloud
 24759 | D:10     | Entered Level 10 of the Dungeon
 24801 | D:10     | Offered knowledge of Delayed Fireball by Vehumet.
 25765 | D:11     | Noticed oplop's ghost (novice VSAs)
 25771 | D:11     | Killed oplop's ghost
 26134 | D:11     | Got a sheer robe
 26411 | D:12     | Found a staircase to the Orcish Mines.
 26444 | D:12     | Offered knowledge of Spellforged Servitor by Vehumet.
 26742 | D:12     | Got a shimmering chain mail
 26770 | D:12     | Found Muleed's General Store.
 26775 | D:12     | Bought a scroll of teleportation for 48 gold pieces
 26775 | D:12     | Bought a scroll of teleportation for 48 gold pieces
 26775 | D:12     | Bought 3 scrolls of fog for 96 gold pieces
 26775 | D:12     | Bought a potion of cancellation for 128 gold pieces
 26960 | D:12     | Noticed Erolcha
 26964 | D:12     | Killed Erolcha
 27271 | Orc:1    | Entered Level 1 of the Orcish Mines
 27271 | Orc:1    | Noticed Nergalle
 27271 | Orc:1    | Noticed Maurice
 27279 | Orc:1    | Killed Nergalle
 27289 | Orc:1    | Killed Maurice
 27852 | Orc:2    | Found a burning altar of Makhleb.
 28000 | Orc:3    | Found a staircase to the Elven Halls.
 28083 | Orc:2    | Offered knowledge of Poison Arrow by Vehumet.
 28804 | Orc:2    | Found Iveaff's Armour Emporium.
 28951 | Orc:4    | Entered Level 4 of the Orcish Mines
 29017 | Orc:4    | Offered knowledge of Orb of Destruction by Vehumet.
 29164 | Orc:4    | Found a frozen archway.
 29220 | IceCv    | Entered an ice cave
 29310 | IceCv    | Learned a level 7 spell: Orb of Destruction
 29343 | IceCv    | Reached skill level 17 in Air Magic
 29617 | IceCv    | Reached XP level 16. HP: 60/102 MP: 7/33
 29630 | IceCv    | Got a twisted quarterstaff
 29669 | IceCv    | Noticed a frost giant
 30051 | IceCv    | Killed a frost giant
 30305 | Orc:4    | Offered knowledge of Lehudib's Crystal Spear by Vehumet.
 30305 | Orc:4    | Offered knowledge of Chain Lightning by Vehumet.
 30305 | Orc:4    | Offered knowledge of Tornado by Vehumet.
 30818 | Orc:4    | Found Noppit's Distillery.
 31010 | Orc:4    | Found Tageqoosm's Food Shop.
 31094 | Orc:4    | Bought a potion of curing for 45 gold pieces
 31094 | Orc:4    | Bought a potion of curing for 45 gold pieces
 31094 | Orc:4    | Bought a potion of heal wounds for 75 gold pieces
 31094 | Orc:4    | Bought a potion of resistance for 150 gold pieces
 31094 | Orc:4    | Bought a potion of brilliance for 60 gold pieces
 31094 | Orc:4    | Bought a potion of invisibility for 120 gold pieces
 31094 | Orc:4    | Bought a potion of might for 60 gold pieces
 31121 | Orc:4    | Identified the +1 chain mail of the Mantidfly {Dex+4 Slay+3} (You found it on level 12 of the Dungeon)
 31131 | Orc:4    | Identified the +2 robe "Cushrir" {MR+} (You found it on level 11 of the Dungeon)
 31809 | Orc:4    | Slain by an orc knight

Action                   |  1- 3 |  4- 6 |  7- 9 | 10-12 | 13-15 | 16-18 || total
-------------------------+-------+-------+-------+-------+-------+-------++-------
Melee: Unarmed           |    15 |       |       |       |       |       ||    15
       Spear             |    61 |   111 |    23 |       |       |       ||   195
       Trident           |       |       |    23 |       |       |       ||    23
       Short sword       |       |       |    21 |     5 |       |       ||    26
       Scimitar          |       |       |       |   275 |   596 |    97 ||   968
 Fire: Blowgun           |       |       |    27 |    60 |    15 |       ||   102
Throw: Javelin           |       |     3 |     7 |    12 |     1 |       ||    23
 Cast: Shock             |    35 |    98 |    83 |    75 |    12 |     5 ||   308
       Swiftness         |     2 |     1 |     1 |     2 |       |       ||     6
       Static Discharge  |     6 |    18 |    42 |    90 |    63 |    18 ||   237
       Repel Missiles    |       |       |     2 |       |       |       ||     2
       Lightning Bolt    |       |       |    17 |    59 |   252 |    60 ||   388
       Mephitic Cloud    |       |       |     2 |    42 |     3 |       ||    47
       Conjure Ball Ligh |       |       |       |    20 |    93 |     9 ||   122
       Orb of Destructio |       |       |       |       |       |     1 ||     1
 Abil: Fly               |       |     4 |       |     5 |    10 |       ||    19
Evoke: Wand              |       |       |       |     7 |     3 |       ||    10
  Use: Scroll            |       |     8 |    11 |    11 |     9 |     1 ||    40
       Potion            |       |       |     2 |     1 |     4 |       ||     7
 Stab: Distracted        |     1 |       |     2 |     3 |     1 |       ||     7
       Sleeping          |     2 |     3 |     6 |     3 |     4 |       ||    18
       Confused          |       |       |       |    11 |       |       ||    11
  Eat: Chunk             |     3 |    22 |    15 |    44 |   110 |    19 ||   213
       Bread ration      |       |       |       |     1 |     6 |       ||     7
       Royal jelly       |       |       |       |     1 |     1 |       ||     2
       Beef jerky        |       |       |       |     1 |     1 |       ||     2
       Meat ration       |       |       |       |       |     2 |       ||     2
       Fruit             |       |       |       |       |     1 |       ||     1
